AoeStats
← ERROR 404

Arena

510038152Analyzed
4v4 RM · 2d ago on Sep 29, 2026· 39m 49s· 8 players
Game mode
Random Map
Map size
Large (8 player)
Population
200
Speed
Normal
Resources
Standard
Victory
Conquest
Starting age
Dark Age
Ending age
Imperial Age
RankedLock teamsTeams togetherTeam positionsShared explorationLock speedFull tech treeHidden civsTurbo modeCheats
Victory
Defeat
🇹🇼 Franks · Taiwan
1063
+14
🇦🇷 Hindustanis · Argentina
1036
+15
🇺🇸 Khmer · United States
1036
+15
🇨🇳 Danes · China
1011
+16
🇨🇳 Varangians · China
1130
-20
🇭🇰 Khmer · Hong Kong SAR China
1069
-17
🇹🇼 Spanish · Taiwan
942
-12
🇨🇳 Franks · China
910
-11
ERROR 404
3:30 Loom
10:27 Feudal Age
14:29 Castle Age
13:03 Double-Bit Axe
13:36 Stone Mining
25:16 Wheelbarrow
24:31 Town Watch
25:42 Bow Saw
30:14 Imperial Age
28:01 Gold Mining
28:59 Bloodlines
28:47 Horse Collar
29:21 Forging
30:05 Husbandry
30:38 Hand Cart
31:07 Gold Shaft Mining
31:10 Stone Shaft Mining
31:52 Conscription
32:51 Two-Man Saw
31:21 Heavy Camel Rider
36:03 Iron Casting
35:34 Scale Barding Armor
36:21 Imperial Camel Rider
39:54 Blast Furnace
DooWopShooBop
11:02 Feudal Age
15:10 Castle Age
13:28 Stone Mining
25:44 Horse Collar
27:31 Gold Mining
29:49 Scale Barding Armor
30:09 Forging
31:01 Chain Barding Armor
36:18 Wheelbarrow
36:28 Iron Casting
ZZZ1
9:47 Feudal Age
13:37 Castle Age
11:35 Double-Bit Axe
22:48 Bow Saw
23:21 Wheelbarrow
23:12 Loom
28:48 Imperial Age
27:57 Hand Cart
27:54 Scale Barding Armor
27:59 Forging
29:22 Chain Barding Armor
29:28 Husbandry
28:50 Cavalier
29:37 Gold Mining
30:51 Chemistry
30:12 Ballistics
31:05 Plate Barding Armor
31:07 Iron Casting
30:12 Paladin
31:21 Chivalry
31:45 Conscription
32:10 Gold Shaft Mining
33:29 Stone Mining
34:29 Pikeman
35:09 Squires
36:47 Blast Furnace
37:50 Herbal Medicine
39:17 Halberdier
vper1490
10:21 Feudal Age
12:22 Double-Bit Axe
15:25 Castle Age
13:27 Horse Collar
18:53 Scale Mail Armor
21:48 Chain Mail Armor
精神老头
11:30 Feudal Age
15:32 Castle Age
14:28 Wheelbarrow
13:43 Double-Bit Axe
23:33 Bow Saw
28:22 Forging
28:18 Scale Barding Armor
29:00 Gold Mining
30:52 Husbandry
33:11 Iron Casting
37:45 Chain Barding Armor
承
一叶知秋
4:59 Loom
10:32 Feudal Age
14:05 Castle Age
12:24 Double-Bit Axe
12:50 Horse Collar
15:22 Bow Saw
21:42 Wheelbarrow
20:55 Town Watch
23:19 Heavy Plow
30:46 Imperial Age
28:33 Hand Cart
29:28 Scale Barding Armor
29:42 Town Patrol
30:15 Light Cavalry
30:57 Husbandry
31:07 Bloodlines
31:20 Fortified Wall
32:53 Forging
33:05 Chain Barding Armor
33:32 Conscription
34:21 Iron Casting
34:00 Gold Mining
34:11 Vendel Legacy
34:50 Man-at-Arms
35:31 Squires
35:28 Cavalier
35:37 Pikeman
36:03 Gambesons
37:52 Scale Mail Armor
39:45 Chain Mail Armor
41:02 Blast Furnace
code monkey HK
8:09 Feudal Age
12:57 Castle Age
12:52 Double-Bit Axe
13:55 Gold Mining
27:54 Fervor
28:04 Sanctity
28:33 Bow Saw
29:37 Scale Mail Armor
28:58 Pikeman
33:26 Loom
34:17 Wheelbarrow
Connection lost

Rejoining the realm…

Still unreachable

The connection could not be restored.

Session expired

The server has moved on; the page needs a fresh start.